AoeStats
← (Arm)_Alexios22

Glade

510401178Analyzed
1v1 RM · 14h ago on Sep 30, 2026· 49m 34s· 2 players
Game mode
Random Map
Map size
Tiny (2 player)
Population
200
Speed
Normal
Resources
Standard
Victory
Conquest
Starting age
Dark Age
Ending age
Imperial Age
RankedLock teamsTeams togetherTeam positionsShared explorationLock speedFull tech treeHidden civsTurbo modeCheats
Victory
Defeat
🇪🇸 Varangians · Spain
1068
+14
🇺🇸 Muisca · United States
1021
-14
(Arm)_Alexios22
0:41 Loom
10:41 Feudal Age
11:14 Double-Bit Axe
11:22 Champi Runner
15:14 Horse Collar
23:21 Castle Age
21:15 Stone Mining
22:07 Scale Mail Armor
22:34 Fletching
24:33 Squires
25:13 Bodkin Arrow
26:20 Wheelbarrow
26:38 Town Watch
27:40 Bow Saw
28:16 Gold Mining
29:47 Padded Archer Armor
32:12 Gold Shaft Mining
33:07 Thumb Ring
34:04 Champi Warrior
36:05 Forging
38:01 Iron Casting
37:04 Pikeman
39:25 Ballistics
42:02 Chain Mail Armor
42:56 Heavy Plow
45:58 Leather Archer Armor
45:57 Masonry
49:02 Herbalism
xescu25
5:23 Loom
9:46 Feudal Age
10:35 Man-at-Arms
14:27 Double-Bit Axe
21:20 Castle Age
19:27 Horse Collar
19:40 Stone Mining
20:05 Gold Mining
20:54 Scale Barding Armor
21:03 Forging
22:18 Bow Saw
22:47 Stone Shaft Mining
24:23 Wheelbarrow
23:47 Fletching
25:16 Bodkin Arrow
25:35 Heavy Plow
31:43 Imperial Age
30:14 Iron Casting
31:44 Ballistics
32:22 Bloodlines
32:13 Husbandry
34:33 Chain Barding Armor
35:51 Plate Barding Armor
34:39 Cavalier
37:24 Chemistry
40:56 Conscription
42:52 Crop Rotation
43:23 Two-Man Saw
43:46 Blast Furnace
42:48 Bracer
43:12 Squires
43:16 Scale Mail Armor
44:19 Hand Cart
46:00 Elite Jarl
Connection lost

Rejoining the realm…

Still unreachable

The connection could not be restored.

Session expired

The server has moved on; the page needs a fresh start.